[Event "Titled Tuesday Blitz February 28 Late 2023"]
[White "Nakamura, Hikaru"]
[Black "Sztokbant, Bernardo Vainzoff"]
[WhiteFideId "2016192"]
[BlackFideId "2115956"]
[WhiteElo "2879"]
[BlackElo "2222"]
[Result "1-0"]
[Round "01"]
[TimeControl "180+2"]
[Date "2023.02.28"]
[WhiteClock "0:01:52"]
[BlackClock "0:01:14"]

1. Nf3 c6 2. g3 d5 3. d3 Nf6 4. Bg2 g6 5. Bd2 Bg7 6. Qc1 h6 7. c4 Nbd7 8. cxd5 Nxd5 9. Nc3 N7f6 10. O-O Nxc3 11. bxc3 Bg4 12. Rb1 Qc8 13. c4 g5 14. Ne5 Be6 15. Rxb7 O-O 16. Rxe7 Rb8 17. Nxc6 Rb6 18. Nd4 Bh3 19. Rxa7 Re8 20. Ra8 Qxa8 21. Bxa8 Bxf1 22. Bc6 Reb8 23. Kxf1 Rb1 24. Bb5 Rxc1+ 25. Bxc1 Ng4 26. Nc6 Ra8 27. a4 Nxh2+ 28. Kg2 Ng4 29. d4 Nf6 30. a5 Ne4 31. f3 Nd6 32. e4 Bxd4 33. Nxd4 Rxa5 34. g4 Nxc4 35. Bxc4 Rc5 36. Nf5 Rxc4 37. Nxh6+ Kh7 38. Bxg5 Kg6 39. Bf4 Rxe4 40. fxe4 1-0


[Site "https://www.chess.com"]

[Event "Titled Tuesday Blitz February 28 Late 2023"]
[White "Ezat, Mohamed"]
[Black "Carlsen, Magnus"]
[WhiteFideId "10600906"]
[BlackFideId "1503014"]
[WhiteElo "2388"]
[BlackElo "2852"]
[Result "0-1"]
[Round "01"]
[TimeControl "180+2"]
[Date "2023.02.28"]
[WhiteClock "0:00:01"]
[BlackClock "0:01:25"]

1. d4 d5 2. c4 e6 3. Nc3 Nf6 4. cxd5 exd5 5. Bg5 c6 6. Qc2 Na6 7. e3 Nc7 8. Nf3 Be7 9. Bd3 Ne6 10. Bh4 g6 11. Ne5 Ng7 12. O-O O-O 13. Rab1 a5 14. a3 Bf5 15. b4 Bxd3 16. Nxd3 Nf5 17. Bxf6 Bxf6 18. b5 Be7 19. bxc6 bxc6 20. Na4 Bxa3 21. Qxc6 Rc8 22. Qb7 Bd6 23. g3 h5 24. Qxd5 h4 25. Qf3 Qg5 26. Nac5 Rb8 27. Ne4 Qe7 28. g4 Rbe8 29. Nxd6 Nxd6 30. Ne5 Qe6 31. h3 Rb8 32. Qc6 Rxb1 33. Rxb1 Rc8 34. Qa6 Qd5 35. Nd7 Kg7 36. Qd3 Nc4 37. Nb6 Nxb6 38. Rxb6 Rc1+ 39. Kh2 Rh1# 0-1


[Site "https://www.chess.com"]

[Event "Titled Tuesday Blitz February 28 Late 2023"]
[White "Yu, Yangyi"]
[Black "Zochowski, Kacper"]
[WhiteFideId "8603820"]
[BlackFideId "1125494"]
[WhiteElo "2783"]
[BlackElo "2222"]
[Result "1-0"]
[Round "01"]
[TimeControl "180+2"]
[Date "2023.02.28"]
[WhiteClock "0:00:31"]
[BlackClock "0:00:10"]

1. Nf3 d6 2. g3 e5 3. d3 Nf6 4. Bg2 Be7 5. O-O O-O 6. c4 Be6 7. Ng5 Bc8 8. Nc3 h6 9. Nf3 Be6 10. b4 Qd7 11. Re1 a5 12. b5 Bh3 13. Bh1 Qc8 14. a4 Nbd7 15. Ba3 b6 16. Rc1 Qe8 17. e3 Rd8 18. d4 Bg4 19. Qc2 Nh7 20. Nd5 Rc8 21. Nxe5 Nxe5 22. dxe5 Ng5 23. h4 Nf3+ 24. Bxf3 Bxf3 25. e4 Bxh4 26. Qd3 Bg5 27. exd6 Bxc1 28. Rxc1 Bxe4 29. Ne7+ Qxe7 30. dxe7 Bxd3 31. exf8=Q+ Rxf8 32. Bxf8 Kxf8 33. Rc3 Bf5 34. c5 Ke7 35. cxb6 cxb6 36. Rc6 Bg4 37. Rxb6 Bd1 38. Ra6 Bxa4 39. Rxa5 Bb3 40. b6 Kd6 41. Rb5 Bc4 42. b7 Bxb5 43. b8=Q+ Kc5 44. Qc7+ Bc6 45. Qxf7 Kd6 46. Qxg7 h5 47. f4 Bd5 48. Qe5+ Kc6 49. Qxh5 Kd6 50. Qe5+ Kc6 51. Kf2 Kc5 52. Ke3 Kc6 53. Kd4 Bb3 54. Qc5+ Kd7 55. Qb5+ Kd6 56. Qxb3 Kc7 57. Ke5 Kc6 58. f5 Kc7 59. Qb5 Kd8 60. Kd6 Kc8 61. f6 Kd8 62. Qd7# 1-0


[Site "https://www.chess.com"]

[Event "Titled Tuesday Blitz February 28 Late 2023"]
[White "Martic, Ivan"]
[Black "Vachier-Lagrave, Maxime"]
[WhiteFideId "929301"]
[BlackFideId "623539"]
[WhiteElo "2360"]
[BlackElo "2740"]
[Result "0-1"]
[Round "01"]
[TimeControl "180+2"]
[Date "2023.02.28"]
[WhiteClock "0:00:08"]
[BlackClock "0:00:40"]

1. e4 c6 2. d3 d5 3. Nd2 g6 4. Ngf3 Bg7 5. g3 e5 6. Bg2 Ne7 7. O-O O-O 8. Re1 d4 9. b4 Be6 10. Ng5 Bc8 11. Nc4 f6 12. Nf3 Be6 13. a4 Nd7 14. Rf1 Qc7 15. Bd2 b5 16. Na5 Nb6 17. axb5 cxb5 18. Ra3 Na4 19. Ne1 Rac8 20. f4 Nc6 21. Nxc6 Qxc6 22. f5 Bf7 23. Bh3 Rc7 24. fxg6 hxg6 25. Bg4 Be6 26. h4 f5 27. Bf3 f4 28. gxf4 exf4 29. Rf2 Qd6 30. Bg4 Nc3 31. Bxc3 dxc3 32. Bxe6+ Qxe6 33. Nf3 Bf6 34. Rg2 Rg7 35. Qa1 Qb6+ 36. Kh2 Bxh4 37. Ra6 Bg3+ 38. Kh3 Qd8 39. Qa2+ Kh8 40. Rxa7 Qc8+ 0-1


[Site "https://www.chess.com"]

[Event "Titled Tuesday Blitz February 28 Late 2023"]
[White "Caruana, Fabiano"]
[Black "Martin Carmona, Gaston Manuel"]
[WhiteFideId "2020009"]
[BlackFideId "22284567"]
[WhiteElo "2818"]
[BlackElo "2245"]
[Result "1-0"]
[Round "01"]
[TimeControl "180+2"]
[Date "2023.02.28"]
[WhiteClock "0:00:58"]
[BlackClock "0:00:07"]

1. b3 Nf6 2. Bb2 e6 3. g3 d5 4. Bg2 Be7 5. e3 O-O 6. Ne2 a5 7. a4 Nc6 8. d4 b6 9. O-O Ba6 10. Re1 Nb4 11. Nf4 c5 12. c3 Nc6 13. Na3 cxd4 14. exd4 Rc8 15. Nb5 Qd7 16. Rc1 Rfe8 17. Nd3 Bxb5 18. axb5 Na7 19. c4 a4 20. Ne5 Qd6 21. bxa4 dxc4 22. Nxc4 Qd8 23. Qb3 Nd5 24. Ne5 Rxc1 25. Rxc1 Bf6 26. h4 Nc8 27. Ba3 Nce7 28. Rc4 Nf5 29. Nc6 Qd7 30. Qd3 g6 31. Rc1 Kg7 32. Ne5 Qd8 33. h5 gxh5 34. Be4 Nde7 35. Bxe7 Rxe7 36. Nc6 Qd6 37. Bxf5 exf5 38. Nxe7 Qxe7 39. Qxf5 Bxd4 40. Kg2 Qe2 41. Rc7 Qa2 42. Qg5+ 1-0


[Site "https://www.chess.com"]

[Event "Titled Tuesday Blitz February 28 Late 2023"]
[White "Ristic, Nebojsa B"]
[Black "Andreikin, Dmitry"]
[WhiteFideId "935468"]
[BlackFideId "4158814"]
[WhiteElo "2303"]
[BlackElo "2736"]
[Result "0-1"]
[Round "01"]
[TimeControl "180+2"]
[Date "2023.02.28"]
[WhiteClock "0:00:06"]
[BlackClock "0:00:55"]

1. d4 d5 2. Bf4 Nf6 3. e3 c5 4. Nf3 Nc6 5. Nbd2 Bg4 6. c3 a6 7. a4 e6 8. Qb3 Bd6 9. Bxd6 Qxd6 10. Qxb7 O-O 11. Qb3 cxd4 12. exd4 e5 13. dxe5 Rfe8 14. Be2 Rxe5 15. Nxe5 Qxe5 16. Nf3 Bxf3 17. gxf3 Re8 18. Qc2 d4 19. Kf1 Nd5 20. Qe4 dxc3 21. bxc3 Nxc3 22. Qxe5 Nxe5 23. Bxa6 Nxf3 24. Kg2 Nh4+ 25. Kh3 g5 26. Rhe1 Ra8 27. Bb5 Kg7 28. Rac1 Nd5 29. Rc4 Ng6 30. Kg2 Ndf4+ 31. Kf1 Nh4 32. Ra1 Nf3 33. Bc6 Nd2+ 34. Ke1 Rd8 35. Rc5 Nb3 36. Rxg5+ Kf6 37. Rb1 Nd3+ 38. Ke2 Ndc1+ 39. Kf3 Kxg5 40. a5 Nd2+ 41. Kg3 Ne2+ 42. Kg2 Nf4+ 43. Kg3 Rd3+ 44. f3 Nxb1 45. a6 Ra3 46. h4+ Kf5 47. Be4+ Ke5 48. Bxb1 f5 0-1


[Site "https://www.chess.com"]

[Event "Titled Tuesday Blitz February 28 Late 2023"]
[White "Firouzja, Alireza"]
[Black "Sadovsky, Artem"]
[WhiteFideId "12573981"]
[BlackFideId "4155840"]
[WhiteElo "2904"]
[BlackElo "2314"]
[Result "1-0"]
[Round "01"]
[TimeControl "180+2"]
[Date "2023.02.28"]
[WhiteClock "0:01:56"]
[BlackClock "0:00:16"]

1. d4 g6 2. e4 Bg7 3. Nc3 c6 4. f4 d5 5. e5 h5 6. h3 Nh6 7. Be3 Nf5 8. Bf2 h4 9. Nf3 e6 10. Bd3 Bf8 11. O-O Be7 12. Ne2 b6 13. Rc1 Ba6 14. c4 Kf8 15. b3 Kg7 16. Qd2 Bb7 17. Rc2 a5 18. Kh2 Na6 19. cxd5 cxd5 20. Rcc1 Ba3 21. Rcd1 Bb4 22. Qb2 Qe7 23. Neg1 Rac8 24. Qe2 Nb8 25. Ng5 Nc6 26. Bxf5 exf5 27. N1f3 Nd8 28. Bxh4 Rxh4 29. Nxh4 Ne6 30. Nxe6+ fxe6 31. Nf3 Rc3 32. Rc1 Qc7 33. Rxc3 Qxc3 34. Qb5 Qc7 35. Qe8 Be7 36. Rc1 Qd8 37. Qxd8 Bxd8 38. Ng5 Bc8 39. Rxc8 Bxg5 40. fxg5 Kf7 41. Rc7+ Kg8 42. h4 b5 43. h5 gxh5 44. Kg3 a4 45. Kh4 axb3 46. axb3 f4 47. g6 f3 48. gxf3 b4 49. Kg5 h4 50. Kf6 1-0


[Site "https://www.chess.com"]

[Event "Titled Tuesday Blitz February 28 Late 2023"]
[White "WindWhistler11"]
[Black "Duda, Jan-Krzysztof"]
[BlackFideId "1170546"]
[WhiteElo "2524"]
[BlackElo "2790"]
[Result "0-1"]
[Round "01"]
[TimeControl "180+2"]
[Date "2023.02.28"]
[WhiteClock "0:00:02"]
[BlackClock "0:01:10"]

1. Nf3 g6 2. d3 Bg7 3. Nbd2 d5 4. e4 e6 5. Be2 c5 6. O-O Nc6 7. Re1 Nge7 8. c3 b6 9. Qc2 Bb7 10. Nf1 O-O 11. Ng3 Qd7 12. h4 h5 13. Bg5 Rac8 14. Rad1 d4 15. Qc1 e5 16. Bh6 Qd6 17. Bxg7 Kxg7 18. Qg5 Kh7 19. Qd2 f6 20. c4 Rc7 21. a3 Bc8 22. Rf1 Ng8 23. Nh2 Nh6 24. Rb1 a6 25. b4 cxb4 26. axb4 b5 27. c5 Qe7 28. Bd1 Be6 29. Bb3 Bxb3 30. Rxb3 Ra7 31. Ra3 a5 32. Rfa1 Rfa8 33. Rf1 axb4 34. Rxa7 Qxa7 35. f4 Qa2 36. Qd1 Qb2 37. fxe5 Ra2 38. Qf3 Nxe5 0-1


[Site "https://www.chess.com"]

[Event "Titled Tuesday Blitz February 28 Late 2023"]
[White "Paravyan, David"]
[Black "Remolar Gallen, Jose"]
[WhiteFideId "4194985"]
[BlackFideId "2215187"]
[WhiteElo "2577"]
[BlackElo "2223"]
[Result "1-0"]
[Round "01"]
[TimeControl "180+2"]
[Date "2023.02.28"]
[WhiteClock "0:00:22"]
[BlackClock "0:00:04"]

1. d4 Nf6 2. c4 g6 3. Nc3 d6 4. e4 Bg7 5. Be2 O-O 6. Nf3 e5 7. O-O Nc6 8. d5 Ne7 9. b4 Nh5 10. Re1 h6 11. a4 Nf4 12. Ra3 g5 13. Bf1 Neg6 14. Be3 f5 15. Nd2 Nxg2 16. Bxg2 f4 17. Bxa7 Rxa7 18. Nb5 Ra6 19. Qh5 Nh4 20. Bh3 Bxh3 21. Rxh3 Rxa4 22. Kh1 Rxb4 23. Rxh4 gxh4 24. Rg1 Rf6 25. Nf3 c6 26. Qg4 Qf8 27. Nc7 Rxc4 28. Nxh4 Rxe4 29. Ne6 Rxe6 30. Qxe6+ Qf7 31. Rxg7+ Kxg7 32. Nf5+ Kf8 33. Qxd6+ Ke8 34. Qb8+ Kd7 35. Qxb7+ 1-0


[Site "https://www.chess.com"]

[Event "Titled Tuesday Blitz February 28 Late 2023"]
[White "Poeta, Caio Medeiros"]
[Black "Grischuk, Alexander"]
[WhiteFideId "2142660"]
[BlackFideId "4126025"]
[WhiteElo "2191"]
[BlackElo "2727"]
[Result "0-1"]
[Round "01"]
[TimeControl "180+2"]
[Date "2023.02.28"]
[WhiteClock "0:01:07"]
[BlackClock "0:00:46"]

1. d4 e6 2. c4 b6 3. Nf3 Bb7 4. e3 f5 5. Be2 Bb4+ 6. Bd2 a5 7. O-O Nf6 8. a3 Bxd2 9. Nbxd2 O-O 10. Ne5 d6 11. Nd3 Qe7 12. Bf3 Ne4 13. Ne1 Nd7 14. Qc2 Ndf6 15. g3 c5 16. dxc5 bxc5 17. Bg2 a4 18. f3 Nxd2 19. Qxd2 Ba6 20. Rc1 d5 21. cxd5 Bxf1 22. d6 Rfd8 23. Rd1 Qb7 24. Kxf1 Ra6 25. Qc2 Qb5+ 26. Kg1 Raxd6 27. Rxd6 Rxd6 28. e4 fxe4 29. fxe4 c4 30. Nf3 Qc5+ 31. Kh1 Ng4 32. h3 Rd1+ 33. Ng1 Qxg1# 0-1


[Site "https://www.chess.com"]

[Event "Titled Tuesday Blitz February 28 Late 2023"]
[White "Martinez Alcantara, Jose Eduardo"]
[Black "Roberson, Peter T"]
[WhiteFideId "3805662"]
[BlackFideId "412384"]
[WhiteElo "2712"]
[BlackElo "2346"]
[Result "1-0"]
[Round "01"]
[TimeControl "180+2"]
[Date "2023.02.28"]
[WhiteClock "0:00:23"]
[BlackClock "0:00:20"]

1. e4 c5 2. Nf3 d6 3. c3 Nf6 4. h3 g6 5. Bd3 Bg7 6. Bc2 O-O 7. O-O e5 8. d4 Nbd7 9. Re1 Nh5 10. dxe5 Nxe5 11. Nbd2 Nf4 12. Nxe5 dxe5 13. Nf3 Qc7 14. Bxf4 exf4 15. e5 Re8 16. Qd2 Bxe5 17. Qd5 Qb6 18. Nxe5 Be6 19. Qf3 Qxb2 20. Rac1 Qxa2 21. Qxf4 a5 22. Be4 a4 23. Bxb7 Rab8 24. Bc6 Rf8 25. Qxa4 Qd2 26. Qc2 Qf4 27. Qe4 Qh6 28. Qe3 Qg7 29. Bd7 Rb6 30. Qxc5 Rfb8 31. Bxe6 Rxe6 32. Nc6 Rbe8 33. Rxe6 fxe6 34. Re1 Qf6 35. Qe5 Qf7 36. Nd4 h5 37. Nf3 Rf8 38. Qxe6 1-0


[Site "https://www.chess.com"]

[Event "Titled Tuesday Blitz February 28 Late 2023"]
[White "Arencibia Monduy, Antonio"]
[Black "Hakobyan, Aram"]
[WhiteFideId "3507939"]
[BlackFideId "13306677"]
[WhiteElo "2520"]
[BlackElo "2563"]
[Result "1-0"]
[Round "01"]
[TimeControl "180+2"]
[Date "2023.02.28"]
[WhiteClock "0:00:25"]
[BlackClock "0:00:08"]

1. e4 c5 2. Nf3 d6 3. c3 Nf6 4. Be2 Bd7 5. d3 g6 6. O-O Bg7 7. Re1 O-O 8. Qc2 Nc6 9. d4 cxd4 10. cxd4 Bg4 11. Be3 e5 12. dxe5 dxe5 13. Rd1 Qa5 14. Nc3 Rfd8 15. Qb3 Bxf3 16. Bxf3 Nd4 17. Bxd4 exd4 18. Nd5 Nxd5 19. exd5 Rd7 20. Rac1 Bf6 21. g3 Kg7 22. Kg2 h5 23. h4 Re8 24. a3 a6 25. Qc4 Qb6 26. b4 Ree7 27. Qc5 Qd8 28. Qc8 Re8 29. Qxd8 Rexd8 30. Kf1 Ra8 31. Ke2 a5 32. b5 a4 33. Rc4 Ra5 34. Rb1 b6 35. Kd3 Be7 36. Rc6 Bc5 37. Rxc5 bxc5 38. Kc4 Kf6 39. Kxc5 d3 40. d6 Raa7 41. Bc6 Rd8 42. Rd1 Rc8 43. Rxd3 Rd7 44. Kd5 Rdd8 45. Re3 Rb8 46. d7 g5 47. hxg5+ Kxg5 48. Kd6 h4 49. gxh4+ Kxh4 50. Re8 Kg5 51. Rxd8 Rxd8 52. Ke7 1-0


[Site "https://www.chess.com"]

[Event "Titled Tuesday Blitz February 28 Late 2023"]
[White "Matlakov, Maxim"]
[Black "Martinez Reyes, Pedro Ramon"]
[WhiteFideId "4168003"]
[BlackFideId "3901807"]
[WhiteElo "2666"]
[BlackElo "2340"]
[Result "1-0"]
[Round "01"]
[TimeControl "180+2"]
[Date "2023.02.28"]
[WhiteClock "0:01:40"]
[BlackClock "0:01:23"]

1. e4 c6 2. d4 d5 3. e5 Bf5 4. h4 h6 5. Bd3 Qc8 6. Ne2 Bxd3 7. Qxd3 Na6 8. c3 Qg4 9. Nf4 e6 10. f3 Qf5 11. Qxf5 exf5 12. Nd2 Nc7 13. h5 Ne6 14. Nf1 Be7 15. Ng3 Nxf4 16. Bxf4 g6 17. Kf2 Kd7 18. Bd2 Ke6 19. hxg6 fxg6 20. Ne2 g5 21. Rh5 Rh7 22. Rah1 Rf7 23. Rxh6+ Nxh6 24. Rxh6+ Kd7 25. e6+ 1-0


[Site "https://www.chess.com"]

[Event "Titled Tuesday Blitz February 28 Late 2023"]
[White "Urbina Perez, Juan Antonio"]
[Black "Kollars, Dmitrij"]
[WhiteFideId "2217368"]
[BlackFideId "12909572"]
[WhiteElo "2197"]
[BlackElo "2584"]
[Result "0-1"]
[Round "01"]
[TimeControl "180+2"]
[Date "2023.02.28"]
[WhiteClock "0:00:08"]
[BlackClock "0:00:31"]

1. d4 d5 2. Nf3 Bf5 3. c4 e6 4. Nc3 c6 5. Bf4 Nd7 6. e3 Ngf6 7. cxd5 exd5 8. Bd3 Bxd3 9. Qxd3 Be7 10. O-O O-O 11. Rab1 Nh5 12. Bg3 Nxg3 13. hxg3 a5 14. a3 a4 15. Rfd1 Qa5 16. e4 dxe4 17. Nxe4 Rfd8 18. d5 Nc5 19. Qc4 b5 20. Qe2 cxd5 21. Nc3 Bf8 22. Nxd5 h6 23. Nc3 b4 24. axb4 Qxb4 25. Nd5 Qb3 26. Nf4 Re8 27. Qf1 Rab8 28. Nd4 Qb7 29. Qc4 Rec8 30. Qd5 Ne4 31. Qxb7 Rxb7 32. Ra1 Rxb2 33. Rxa4 Nxf2 34. Rf1 Ne4 35. Nd3 Rd2 36. Ne5 Bc5 37. Nf3 Nxg3 38. Re1 Ne2+ 39. Kf1 Rxd4 40. Rxd4 Nxd4 0-1


[Site "https://www.chess.com"]

[Event "Titled Tuesday Blitz February 28 Late 2023"]
[White "Pranav, V"]
[Black "Mendez Fortes, Eduardo Jesus"]
[WhiteFideId "25060783"]
[BlackFideId "3502376"]
[WhiteElo "2500"]
[BlackElo "2307"]
[Result "0-1"]
[Round "01"]
[TimeControl "180+2"]
[Date "2023.02.28"]
[WhiteClock "0:00:04"]
[BlackClock "0:00:07"]

1. b3 d5 2. Bb2 Nf6 3. e3 e6 4. f4 c5 5. Nf3 Nc6 6. Bd3 Bd6 7. O-O Qc7 8. Nc3 a6 9. e4 Bxf4 10. exd5 Ne5 11. dxe6 Bxe6 12. g3 Nxd3 13. cxd3 Bxg3 14. hxg3 Qxg3+ 15. Kh1 Qh3+ 16. Nh2 O-O-O 17. Rf3 Qh6 18. Qg1 Qxd2 19. Qxc5+ Kb8 20. Nb5 Qxb2 21. Qa7+ Kc8 22. Qa8+ Kd7 23. Qxb7+ Ke8 24. Nc7+ Kf8 25. Rg1 Qe5 26. Nxe6+ Qxe6 27. Qb4+ Qd6 28. Qa5 h5 29. Qg5 Ng4 30. Rg2 Qd5 31. Qh4 Rh6 32. Rf5 Qd7 33. Rf3 Kg8 34. Qg3 Re8 35. Rg1 Qd5 36. Qg2 Rg6 0-1


[Site "https://www.chess.com"]

[Event "Titled Tuesday Blitz February 28 Late 2023"]
[White "Lawson, Eric"]
[Black "Fedoseev, Vladimir"]
[WhiteFideId "2604116"]
[BlackFideId "24130737"]
[WhiteElo "2505"]
[BlackElo "2752"]
[Result "0-1"]
[Round "01"]
[TimeControl "180+2"]
[Date "2023.02.28"]
[WhiteClock "0:00:21"]
[BlackClock "0:00:08"]

1. e4 c5 2. Nf3 d6 3. d4 cxd4 4. Nxd4 Nf6 5. Nc3 a6 6. h3 e5 7. Nde2 h5 8. g3 Be7 9. Bg2 b5 10. Nd5 Nxd5 11. Qxd5 Ra7 12. Be3 Rb7 13. O-O Qc7 14. Rfc1 O-O 15. a4 Be6 16. Qd1 b4 17. c4 Nd7 18. a5 Nc5 19. b3 Qc8 20. Kh2 Bd7 21. f4 Bc6 22. Bxc5 dxc5 23. fxe5 Rd7 24. Qe1 Qc7 25. Nf4 Qxe5 26. Nd5 h4 27. Bf3 Bd6 28. Kg2 hxg3 29. Ra2 Rdd8 30. Rd2 Rde8 31. Rcd1 f5 32. Re2 f4 33. Red2 Re6 34. Qe2 Rh6 35. Bg4 Bd7 36. Bxd7 f3+ 37. Qxf3 Rxf3 38. Kxf3 Qg5 39. Bg4 Be5 40. Kg2 Kh7 41. Rd3 Rh4 42. Rf3 Qh6 43. Rh1 Qd2+ 44. Kg1 Bd4+ 45. Kf1 g2# 0-1


[Site "https://www.chess.com"]

[Event "Titled Tuesday Blitz February 28 Late 2023"]
[White "Deac, Bogdan-Daniel"]
[Black "Ferreira, Vitor Hugo Vieira"]
[WhiteFideId "1226380"]
[BlackFideId "2119765"]
[WhiteElo "2649"]
[BlackElo "2146"]
[Result "1/2-1/2"]
[Round "01"]
[TimeControl "180+2"]
[Date "2023.02.28"]
[WhiteClock "0:00:12"]
[BlackClock "0:00:18"]

1. b3 Nf6 2. Bb2 d5 3. e3 a6 4. c4 e6 5. Nf3 Bd6 6. g3 O-O 7. Bg2 b6 8. cxd5 exd5 9. O-O Bb7 10. Nc3 Nbd7 11. Rc1 c5 12. d4 Re8 13. Ne2 Qe7 14. Nf4 Rac8 15. dxc5 bxc5 16. Nd3 c4 17. Nf4 Ba3 18. Qe2 Bxb2 19. Qxb2 Qb4 20. Nd4 Ne5 21. Qa1 Ne4 22. bxc4 dxc4 23. Rb1 Qe7 24. Nf5 Qd7 25. Rxb7 Qxf5 26. Nd5 Nd2 27. Ne7+ Rxe7 28. Rxe7 Nef3+ 29. Bxf3 Nxf3+ 30. Kg2 Nh4+ 31. Kg1 Nf3+ 32. Kg2 Nh4+ 33. gxh4 Qg4+ 34. Kh1 Qf3+ 35. Kg1 Qg4+ 36. Kh1 Qf3+ 37. Kg1 Qg4+ 38. Kh1 1/2-1/2


[Site "https://www.chess.com"]

[Event "Titled Tuesday Blitz February 28 Late 2023"]
[White "ArchibaldCerveza29"]
[Black "Kramnik, Vladimir"]
[BlackFideId "4101588"]
[WhiteElo "2501"]
[BlackElo "2712"]
[Result "0-1"]
[Round "01"]
[TimeControl "180+2"]
[Date "2023.02.28"]
[WhiteClock "0:00:06"]
[BlackClock "0:01:07"]

1. d4 Nf6 2. c4 e6 3. Nc3 d5 4. cxd5 exd5 5. Bg5 c6 6. e3 Bd6 7. Bd3 O-O 8. Qc2 h6 9. Bh4 Re8 10. Nge2 Nbd7 11. h3 Nb6 12. O-O Be6 13. Rae1 Rc8 14. Qd1 Be7 15. Bb1 Nc4 16. b3 Nd6 17. f3 c5 18. e4 cxd4 19. Na4 dxe4 20. fxe4 Ndxe4 21. Qxd4 Nc5 22. Qxd8 Rexd8 23. Nxc5 Bxc5+ 24. Kh1 Bb4 25. Rd1 Rxd1 26. Rxd1 Nd5 27. Be1 Ne3 28. Rd3 Bxe1 29. Rxe3 Ba5 30. g3 Bb6 31. Rd3 Bxh3 32. Kh2 Bf5 33. Rd1 Bxb1 34. Rxb1 Rc2 35. Re1 Bf2 0-1


[Site "https://www.chess.com"]

[Event "Titled Tuesday Blitz February 28 Late 2023"]
[White "Bluebaum, Matthias"]
[Black "Ladan, Nicholas"]
[WhiteFideId "24651516"]
[BlackFideId "30918855"]
[WhiteElo "2638"]
[BlackElo "2167"]
[Result "1-0"]
[Round "01"]
[TimeControl "180+2"]
[Date "2023.02.28"]
[WhiteClock "0:01:46"]
[BlackClock "0:00:05"]

1. d4 d5 2. c4 c6 3. Nf3 Nf6 4. Nc3 e6 5. Qc2 Nbd7 6. e4 dxe4 7. Nxe4 Nxe4 8. Qxe4 Bb4+ 9. Bd2 Bxd2+ 10. Nxd2 Nf6 11. Qe3 O-O 12. Be2 Re8 13. O-O Qe7 14. f4 c5 15. dxc5 e5 16. f5 Bd7 17. b4 a5 18. a3 axb4 19. axb4 Rxa1 20. Rxa1 Bxf5 21. h3 e4 22. Nb3 Qe5 23. Nd4 Bc8 24. Rd1 h5 25. Nb5 Kh7 26. Nd6 Rf8 27. Re1 h4 28. Bf3 Bf5 29. Nxf5 Qxf5 30. Bxe4 Nxe4 31. Qxe4 Qxe4 32. Rxe4 g5 33. Re7 Rb8 34. Rxf7+ Kg6 35. Rc7 Kf5 36. b5 Kf4 37. Kh2 g4 38. hxg4 Kxg4 39. c6 bxc6 40. Rxc6 h3 41. gxh3+ Kf3 42. b6 Ra8 43. Rf6+ Ke4 44. c5 Ra2+ 45. Kg3 Rc2 46. b7 Rxc5 47. b8=Q Rg5+ 48. Kh2 Rd5 49. Qb1+ Ke3 50. Qe1+ Kd3 51. Rf3+ Kc4 52. Qc3+ Kb5 53. Qb3+ Kc6 54. Rc3+ Kd7 55. Qxd5+ 1-0


[Site "https://www.chess.com"]

[Event "Titled Tuesday Blitz February 28 Late 2023"]
[White "Cheng, Xiao"]
[Black "Tabatabaei, M. Amin"]
[WhiteFideId "2022915"]
[BlackFideId "12521213"]
[WhiteElo "2500"]
[BlackElo "2565"]
[Result "0-1"]
[Round "01"]
[TimeControl "180+2"]
[Date "2023.02.28"]
[WhiteClock "0:01:53"]
[BlackClock "0:02:47"]

1. e4 c6 2. d4 d5 3. exd5 cxd5 4. Bd3 Nc6 5. Ne2 Bg4 6. c3 e6 7. O-O Bd6 8. h3 Bh5 9. Qb3 Qc7 10. Be3 Nge7 11. Na3 a6 12. Nc2 O-O 13. Rac1 Na5 14. Qa4 b5 15. Bxb5 axb5 16. Qxb5 Rfb8 17. Qd3 Bg6 18. Qd1 Rxb2 19. Nb4 Nc4 20. Nd3 Bxd3 21. Qxd3 Raxa2 22. Ng3 Bxg3 0-1


[Site "https://www.chess.com"]

[Event "Titled Tuesday Blitz February 28 Late 2023"]
[White "Bortnyk, Olexandr"]
[Black "Grycel, Kamil"]
[WhiteFideId "14120828"]
[BlackFideId "1115499"]
[WhiteElo "2734"]
[BlackElo "2499"]
[Result "1-0"]
[Round "01"]
[TimeControl "180+2"]
[Date "2023.02.28"]
[WhiteClock "0:01:14"]
[BlackClock "0:00:51"]

1. e4 b6 2. d4 Bb7 3. Bd3 Nf6 4. Qe2 Nc6 5. Nf3 Nb4 6. Nc3 Nxd3+ 7. cxd3 e6 8. O-O d6 9. h3 Be7 10. b4 a6 11. a4 O-O 12. Bf4 d5 13. Rab1 a5 14. bxa5 Rxa5 15. Rfc1 dxe4 16. dxe4 c5 17. Be5 Qa8 18. Rxb6 Nxe4 19. Nb5 Bd8 20. Bc7 cxd4 21. Rxb7 Qxb7 22. Bxa5 Bxa5 23. Nfxd4 Nf6 24. Nc6 Ra8 25. Nxa5 Rxa5 26. Nd6 1-0


[Site "https://www.chess.com"]

[Event "Titled Tuesday Blitz February 28 Late 2023"]
[White "Nilsen, Tobias Lang"]
[Black "Svane, Rasmus"]
[WhiteFideId "1521624"]
[BlackFideId "4657101"]
[WhiteElo "2195"]
[BlackElo "2597"]
[Result "0-1"]
[Round "01"]
[TimeControl "180+2"]
[Date "2023.02.28"]
[WhiteClock "0:00:11"]
[BlackClock "0:01:57"]

1. e4 c6 2. Nc3 d5 3. Nf3 dxe4 4. Nxe4 Nf6 5. Qe2 Nxe4 6. Qxe4 Qa5 7. Bc4 Bf5 8. Qf4 e6 9. O-O Be7 10. d4 Bxc2 11. Bd2 Qf5 12. Qxf5 Bxf5 13. Rac1 O-O 14. Ne5 Rd8 15. Be3 Nd7 16. Be2 Nxe5 17. dxe5 Bd3 18. Bxd3 Rxd3 19. Rfd1 Rd5 20. Rxd5 exd5 21. f4 f5 22. Kf2 Kf7 23. Ke2 Ke6 24. a3 a5 25. Rc3 a4 26. Kf3 Ra5 27. g4 Rb5 28. Rc2 Rb3 29. Ke2 fxg4 30. Bc1 Kf5 31. Kf2 d4 32. Rc4 c5 33. Rxa4 g5 34. fxg5 Bxg5 35. Bxg5 Rxb2+ 36. Kg3 Kxg5 37. Ra5 b6 38. Ra7 h5 39. h4+ Kf5 40. Rh7 Kxe5 41. Rxh5+ Ke4 42. Rh8 c4 43. Re8+ Kd3 44. h5 Rb1 45. Kg2 Rb5 46. Rh8 c3 47. h6 c2 48. Rc8 Rh5 49. Rc6 Kd2 50. Kg3 c1=Q 51. Rxc1 Kxc1 52. Kxg4 Rxh6 0-1


[Site "https://www.chess.com"]

[Event "Titled Tuesday Blitz February 28 Late 2023"]
[White "Yoo, Christopher Woojin"]
[Black "Bilan, Danila"]
[WhiteFideId "30909694"]
[BlackFideId "24161918"]
[WhiteElo "2519"]
[BlackElo "2182"]
[Result "1-0"]
[Round "01"]
[TimeControl "180+2"]
[Date "2023.02.28"]
[WhiteClock "0:00:15"]
[BlackClock "0:00:06"]

1. d4 d5 2. c4 c6 3. Nc3 Nf6 4. cxd5 cxd5 5. Bf4 a6 6. e3 Nc6 7. Be2 b5 8. Nf3 e6 9. O-O Bd6 10. Rc1 Bb7 11. Nxb5 axb5 12. Bxb5 Bxf4 13. exf4 Qb6 14. Qb3 O-O 15. Bxc6 Qxb3 16. axb3 Bxc6 17. Rxc6 Rfb8 18. Rfc1 h6 19. Ne5 Rxb3 20. Rc8+ Rxc8 21. Rxc8+ Kh7 22. h3 Rxb2 23. Nxf7 Rb1+ 24. Kh2 Ne4 25. g4 Kg6 26. Ne5+ Kh7 27. Nd7 g5 28. Nf8+ Kg7 29. Nxe6+ Kf6 30. Rc6 Nxf2 31. Nxg5+ Kg7 32. Ne6+ Kf6 33. Nc7+ Kg7 34. Nxd5 Rb2 35. Kg3 Ne4+ 36. Kf3 Nd2+ 37. Ke3 Nf1+ 38. Ke4 Re2+ 39. Kf3 Rd2 40. Ne7 Nh2+ 41. Kg3 Nf1+ 42. Kh4 Rxd4 43. Nf5+ Kh7 44. Nxd4 Ne3 45. Rc7+ Kg6 46. f5+ Kf6 47. Kh5 Ke5 48. Re7+ Kxd4 49. Rxe3 Kxe3 50. f6 1-0


[Site "https://www.chess.com"]